 Dungeon Crawl Stone Soup version 0.17-a0-1663-gb806841 (webtiles) character file.

144833 Ghalim the Warrior (level 18, -22/158 HPs)
             Began as a Human Fighter on Aug 9, 2015.
             Was a High Priest of Okawaru.
             Hit by a large rock thrown by a stone giant (35 damage)
             ... on level 15 of the Dungeon on Aug 16, 2015.
             The game lasted 02:25:55 (52996 turns).

Ghalim the Warrior (Human Fighter)                 Turns: 52996, Time: 02:25:56

Health: -22/158    AC: 19    Str: 26      XL:     18   Next: 3%
Magic:  17/18      EV: 14    Int:  7 (9)  God:    Okawaru [*****.]
Gold:   2572       SH: 17    Dex: 17      Spells: 0 memorised, 17 levels left

rFire  + . .     SeeInvis +     M - +2 mace (holy)
rCold  + . .     Clarity  .     D - +7 ring mail "Ibleecw" {rElec Str+3 SInv Stlth-}
rNeg   + . .     SustAt   .     t - +2 shield {reflect}
rPois  +         Gourm    .     f - -2 hat of the Alchemist {rElec rPois rF+ rC+ rN+ MR+ rMut rCorr}
rElec  +         Spirit   .     L - +0 cloak {MR+}
rCorr  +         Warding  .     E - +0 pair of gloves
rMut   +         Stasis   .     u - +1 pair of boots
MR     +++..                    c - amulet of faith
Stlth  +.........               S - +3 ring of dexterity
                                F - ring of poison resistance

@: heroism, extremely resistant to hostile enchantments, very unstealthy
A: no striking features
a: Heroism, Finesse, Renounce Religion


You were on level 15 of the Dungeon.
You worshipped Okawaru.
Okawaru was extremely pleased with you.
You were very hungry.

You visited 6 branches of the dungeon, and saw 31 of its levels.
You also visited: Ice Cave.

You collected 3552 gold pieces.
You spent 980 gold pieces at shops.

Inventory:

Hand weapons
 M - a +2 mace of holy wrath (weapon)
Armour
 f - the -2 hat of the Alchemist (worn) {rElec rPois rF+ rC+ rN+ MR+ rMut rCorr}
   (You bought it in a shop on level 2 of the Orcish Mines)

   It protects you from fire.
   It protects you from cold.
   It insulates you from electricity.
   It protects you from poison.
   It protects you from negative energy.
   It affects your resistance to hostile enchantments.
   It protects you from acid and corrosion.
   It protects you from mutation.
 p - the +0 helmet "Icashroir" {rElec Str+4 Dex+3}
   (You found it on level 7 of the Lair of Beasts)

   It affects your strength (+4).
   It affects your dexterity (+3).
   It insulates you from electricity.
 t - a +2 shield of reflection (worn)
 u - a +1 pair of boots (worn)
 D - the +7 ring mail "Ibleecw" (worn) {rElec Str+3 SInv Stlth-}
   (You found it on level 4 of the Dungeon)

   It affects your strength (+3).
   It insulates you from electricity.
   It lets you see invisible.
   It makes you less stealthy.
 E - a +0 pair of gloves (worn)
 L - a +0 cloak of magic resistance (worn)
Jewellery
 c - an amulet of faith (around neck)
 l - an uncursed ring of protection from cold
 y - an uncursed amulet of clarity
 F - a ring of poison resistance (left hand)
 I - an uncursed ring of flight
 S - a +3 ring of dexterity (right hand)
Magical devices
 C - a wand of teleportation (2)
 O - a wand of lightning (6)
 Q - a wand of fireball (5)
Scrolls
 b - 2 scrolls of enchant armour
 g - 7 scrolls of enchant weapon
 h - 13 scrolls of remove curse
 i - 8 scrolls of teleportation
 j - 4 scrolls of recharging
 m - a scroll of magic mapping
 n - 7 scrolls of identify
Potions
 o - 5 potions of haste
 B - 2 potions of cure mutation
 N - 4 potions of curing
Miscellaneous
 U - a legendary deck of defence {the Helm}
Comestibles
 e - 14 bread rations
 x - 22 fruits
 H - 3 beef jerkies


   Skills:
 + Level 18.6(23.6) Fighting
 + Level 18.6(23.6) Maces & Flails
 - Level 10.5(15.5) Armour
 - Level 10.4(15.4) Shields


You had 17 spell levels left.
You didn't know any spells.

Dungeon Overview and Level Annotations

Branches:
Dungeon (15/15)            Temple (0/1) D:6            Lair (8/8) D:11
 Shoals (0/4) Lair:4       Spider (1/4) Lair:3        Slime (0/6) Lair:7
    Orc (4/4) D:9             Elf (2/3) Orc:3        Vaults (0/5) D:13
 Depths (1/5) D:15

Altars:
Dithmenos
Elyvilon
Makhleb
Nemelex Xobeh
Okawaru
Qazlal
Ru
Trog
Vehumet
Yredelemnul
Beogh

Shops:
D:6 *   Orc:2 [   Orc:3 %   Orc:4 (?:[   Elf:1 ?*

Annotations:
D:2 Sigmund
Lair:3 Rupert
Lair:4 Maud
Elf:1 Asterion


Message History

You feel slightly more hungry.
You are feeling very hungry.
You block the stone giant's attack.
You hit the stone giant.
The stone giant is moderately wounded.
The stone giant hits you!!
You hit the stone giant but do no damage.
The stone giant is moderately wounded.
The stone giant hits you!!
* * * LOW HITPOINT WARNING * * *
You hit the stone giant but do no damage.
The stone giant is moderately wounded.
The stone giant hits you!!
* * * LOW HITPOINT WARNING * * *
The stone giant throws a large rock.
You reflect the large rock off your +2 shield of reflection!
The large rock hits the stone giant!!
Items here: !!! ::::: ??? [ The stone giant throws a large rock.
The large rock hits you!!
You die...

#............# #..# #..
#............# #..# #..
#............######..# #..
#....................# #..
#....................# #..
#..........#.........#####..
#####(......................
#......#................
#..(###@####............
#...(..#:.>#......(.....
#....#....C#.#####......
#....#.#...#.....#......
#...(#..#.#.#.#..#......
#(.((#.....#...#.#......
#...(#####(#.....#......
#...((....(#⌠..#.)......
#.(.(......####.###.....


You could see a stone giant.

Vanquished Creatures
  Kirke (D:14)
  Donald (Orc:4)
  A deep elf sorcerer (Elf:1)
  A frost giant (IceCv)
  An ettin (D:13)
  3 vault guards (D:13)
  Josephine (D:12)
  9 hydras
  4 centaur warriors
  12 death yaks
  An ogre mage (Orc:1)
  2 tengu warriors (D:13)
  4 orc high priests (Orc:4)
  3 deep elf knights
  A deep troll (D:15)
  5 unseen horrors
  An ice statue (IceCv)
  3 deep elf summoners (Elf:2)
  11 hill giants
  A lindwurm (Lair:8)
  An orb spider (Spider:1)
  A wizard (D:15)
  3 orc sorcerers
  3 wolf spider zombies
  3 orc knights
  3 wolf spiders (Spider:1)
  8 elephants
  8 deep elf conjurers
  2 griffons
  18 ugly things
  4 manticores
  2 black mambas (Lair:2)
  A cyclops (D:12)
  A gargoyle (D:14)
  11 spiny frogs
  Psyche (D:8)
  3 kobold demonologists
  4 centaur skeletons
  2 efreet
  A yaktaur (D:13)
  The ghost of yottam the Insei, an experienced HuWn (D:6)
  7 komodo dragons
  A demonic crawler (Spider:1)
  A spriggan druid (Lair:8)
  2 tengu conjurers
  3 deep elf priests (Elf:1)
  24 polar bears
  2 trolls (D:13)
  33 blink frogs
  Grinder (D:4)
  A trapdoor spider zombie (D:13)
  4 two-headed ogres
  9 wraiths
  6 redbacks (Lair:8)
  3 wyverns
  5 basilisks
  10 spriggans (Lair:8)
  2 tarantellas (Spider:1)
  10 deep elf magi
  16 deep elf fighters
  105 yaks
  6 hogs (D:14)
  10 hippogriffs
  3 hungry ghosts
  2 mottled dragons
  6 vampire mosquitoes
  10 wargs
  48 wolves
  11 porcupines
  Duvessa (D:4)
  22 orc warriors
  14 ice beasts
  A sky beast (D:11)
  17 water moccasins
  8 black bears
  2 phantoms
  2 necrophages
  4 wasps
  8 spiders (Lair:3)
  2 eyes of draining
  5 centaurs
  19 ogres
  21 crocodiles
  3 big kobolds
  A brain worm (D:15)
  A gnoll sergeant (D:6)
  18 giant frogs
  A wyvern zombie (D:9)
  3 scorpions
  A wyvern skeleton (D:13)
  Dowan (D:4)
  32 killer bees
  3 vampire bats (Lair:8)
  7 wights
  4 centaur zombies
  10 crimson imps
  2 electric eels
  7 hounds
  8 jellies
  A wasp zombie (D:9)
  38 orc wizards
  A quasit (D:13)
  Crazy Yiuf (D:2)
  Ijyb (D:2)
  4 giant frog skeletons
  48 orc priests
  A gnoll shaman (D:8)
  12 iguanas
  4 sheep (D:12)
  11 worker ants
  2 hound zombies
  2 hound skeletons
  3 worker ant zombies
  13 adders
  14 gnolls
  17 river rats
  4 shadow imps (D:5)
  4 oozes
  3 worms (D:3)
  3 adder skeletons
  5 giant geckos
  218 orcs
  16 bats
  6 giant cockroaches
  10 hobgoblins
  9 jackals
  A quokka (D:3)
  A ball python (D:4)
  8 giant newts
  6 goblins
  21 kobolds
  3 quokka skeletons
  5 rats
  A plant (Lair:8)
1213 creatures vanquished.

Vanquished Creatures (others)
  3 centaur warriors
  3 deep elf fighters
  An orc warrior (D:13)
  A centaur (D:15)
  An orc (D:6)
  A kobold (D:14)
  2 quokkas (D:11)
  26 fungi
  13 plants
51 creatures vanquished.

Grand Total: 1264 creatures vanquished

Notes
Turn   | Place    | Note
--------------------------------------------------------------
     0 | D:1      | Ghalim the Human Fighter began the quest for the Orb.
     0 | D:1      | Reached XP level 1. HP: 18/18 MP: 1/1
   178 | D:1      | Reached XP level 2. HP: 21/24 MP: 2/2
   356 | D:1      | Found an iron altar of Okawaru.
   372 | D:1      | Became a worshipper of Warmaster Okawaru
   710 | D:2      | Reached XP level 3. HP: 29/29 MP: 3/3
   851 | D:2      | Noticed Sigmund
  1902 | D:3      | Reached XP level 4. HP: 35/35 MP: 4/4
  2010 | D:3      | HP: 2/54 [poisoned by an adder]
  2610 | D:2      | Noticed Crazy Yiuf
  2618 | D:2      | Killed Crazy Yiuf
  2618 | D:2      | Reached skill level 4 in Maces & Flails
  2618 | D:2      | Reached XP level 5. HP: 15/42 MP: 5/5
  3404 | D:2      | Noticed Ijyb
  3430 | D:2      | Killed Ijyb
  3544 | D:2      | Found a basalt altar of Yredelemnul.
  3659 | D:4      | Upgraded the game from 0.17-a0-1642-gd4b747b to 0.17-a0-1653-gcd515fc
  3691 | D:4      | Reached XP level 6. HP: 12/48 MP: 6/6
  4015 | D:4      | Found a stormy altar of Qazlal.
  4016 | D:4      | Noticed Dowan
  4018 | D:4      | Noticed Duvessa
  4101 | D:3      | Reached skill level 5 in Maces & Flails
  4440 | D:4      | Noticed Grinder
  4457 | D:4      | Paralysed by Grinder for 6 turns
  4631 | D:3      | Noticed a hungry ghost
  4661 | D:3      | Killed a hungry ghost
  4661 | D:3      | Reached XP level 7. HP: 31/55 MP: 7/7
  4863 | D:4      | Killed Grinder
  4863 | D:4      | Acquired Okawaru's first power
  4863 | D:4      | Reached skill level 5 in Fighting
  4863 | D:4      | Reached skill level 6 in Maces & Flails
  4954 | D:4      | Noticed an ogre
  4980 | D:3      | Killed an ogre
  5147 | D:4      | Killed Dowan
  5147 | D:4      | Reached skill level 7 in Maces & Flails
  5294 | D:4      | Reached XP level 8. HP: 51/63 MP: 8/8
  5415 | D:4      | Got an ancient ring mail
  5564 | D:4      | Killed Duvessa
  5869 | D:4      | Found a shadowy altar of Dithmenos.
  5929 | D:4      | Found a burning altar of Makhleb.
  5975 | D:4      | Identified the +7 ring mail "Ibleecw" {rElec Str+3 SInv Stlth-} (You found it on level 4 of the Dungeon)
  5981 | D:5      | Entered Level 5 of the Dungeon
  6027 | D:4      | Reached skill level 8 in Maces & Flails
  6500 | D:5      | Found a radiant altar of Vehumet.
  6500 | D:5      | Found a bloodstained altar of Trog.
  6721 | D:4      | Reached XP level 9. HP: 45/72 MP: 9/9
  6924 | D:5      | Reached skill level 9 in Maces & Flails
  7829 | D:6      | Found Xunupaor's Assorted Antiques.
  7855 | D:6      | Bought a scroll of identify for 50 gold pieces
  8025 | D:6      | Noticed yottam's ghost (experienced HuWn)
  8120 | D:6      | Found a staircase to the Ecumenical Temple.
  8988 | D:6      | Killed yottam's ghost
  8988 | D:6      | Reached skill level 10 in Maces & Flails
  8988 | D:6      | Reached XP level 10. HP: 77/83 MP: 10/10
  9964 | D:8      | Reached skill level 10 in Fighting
 10292 | D:8      | Found a sparkling altar of Nemelex Xobeh.
 10414 | D:8      | Noticed Psyche
 10432 | D:8      | Killed Psyche
 10591 | D:8      | Reached skill level 11 in Maces & Flails
 10596 | D:8      | Acquired Okawaru's second power
 11246 | D:9      | Reached XP level 11. HP: 87/93 MP: 11/11
 11485 | D:9      | Found a staircase to the Orcish Mines.
 11757 | D:10     | Entered Level 10 of the Dungeon
 12067 | D:10     | Received a gift from Okawaru
 12352 | D:10     | Noticed a hill giant
 12596 | D:11     | Found a white marble altar of Elyvilon.
 12602 | D:11     | Found a staircase to the Lair.
 12754 | D:11     | Reached skill level 12 in Maces & Flails
 13672 | Lair:1   | Entered Level 1 of the Lair of Beasts
 13696 | Lair:1   | Noticed an eight-headed hydra
 13822 | Lair:1   | Killed an eight-headed hydra
 14936 | Lair:1   | Reached skill level 5 in Armour
 14949 | Lair:1   | Reached skill level 5 in Shields
 15115 | Lair:1   | Reached XP level 12. HP: 102/102 MP: 12/12
 16194 | Lair:2   | Received a gift from Okawaru
 17184 | Lair:2   | Received a gift from Okawaru
 18104 | Lair:3   | Identified the Tome of Poisoning
 18133 | Lair:3   | Found a hole to the Spider Nest.
 18183 | Lair:3   | Reached XP level 13. HP: 108/108 MP: 13/13
 18705 | Lair:3   | You fall through a shaft for 2 floors!
 19039 | Lair:5   | Got a brightly glowing long sword
 19233 | Lair:5   | Reached skill level 10 in Armour
 19244 | Lair:5   | Reached skill level 10 in Shields
 19711 | Lair:5   | Received a gift from Okawaru
 19746 | Lair:5   | Noticed Rupert
 19749 | Lair:5   | Paralysed by Rupert for 7 turns
 20371 | Lair:3   | Identified the +10 long sword of the Lame Duck {freeze, MR+ MP+9} (You found it on level 5 of the Lair of Beasts)
 20974 | Lair:4   | Found a staircase to the Shoals.
 21203 | Lair:4   | Noticed Maud
 21786 | Lair:4   | Paralysed by Rupert for 6 turns
 21824 | Lair:3   | HP: 5/109 [Rupert/triple sword of freezing (4)]
 23304 | Lair:6   | Reached skill level 13 in Maces & Flails
 23304 | Lair:6   | Reached XP level 14. HP: 103/116 MP: 14/14
 24129 | Lair:7   | Received a gift from Okawaru
 24296 | Lair:7   | Got a smoking helmet
 24307 | Lair:7   | Identified the +0 helmet "Icashroir" {rElec Str+4 Dex+3} (You found it on level 7 of the Lair of Beasts)
 25099 | Lair:7   | Found a staircase to the Slime Pits.
 25462 | Lair:8   | Entered Level 8 of the Lair of Beasts
 25598 | Lair:8   | Received a gift from Okawaru
 25655 | Lair:8   | Reached skill level 14 in Maces & Flails
 25700 | Lair:8   | Got a spiked chain mail {god gift}
 26900 | Lair:8   | Reached XP level 15. HP: 108/127 MP: 12/15
 27395 | Lair:8   | Received a gift from Okawaru
 27773 | Lair:8   | Reached skill level 15 in Fighting
 27979 | Lair:8   | Reached skill level 15 in Maces & Flails
 28124 | Lair:8   | Identified the +0 chain mail of Inquiry {rElec rC+} (Okawaru gifted it to you on level 8 of the Lair of Beasts)
 28896 | D:12     | Noticed Josephine
 28918 | D:12     | Killed Josephine
 29041 | D:12     | Found a sacrificial altar of Ru.
 30370 | D:13     | Found a frozen archway.
 30423 | IceCv    | Entered an ice cave
 31456 | IceCv    | Reached skill level 16 in Fighting
 31467 | IceCv    | Received a gift from Okawaru
 31691 | IceCv    | Reached XP level 16. HP: 90/138 MP: 16/16
 31869 | IceCv    | Noticed a frost giant
 31902 | IceCv    | Killed a frost giant
 33308 | D:13     | Found a gate to the Vaults.
 34272 | D:10     | Killed a hill giant
 34346 | Orc:1    | Entered Level 1 of the Orcish Mines
 34350 | D:9      | Upgraded the game from 0.17-a0-1653-gcd515fc to 0.17-a0-1655-g88a8506
 34555 | Orc:2    | Found Obetyudi's Armour Shop.
 34592 | Orc:2    | Bought the -2 hat of the Alchemist {rElec rPois rF+ rC+ rN+ MR+ rMut rCorr} for 660 gold pieces
 35340 | Orc:3    | Found a staircase to the Elven Halls.
 35413 | Orc:3    | Found Ofribism's Food Boutique.
 35710 | Orc:4    | Entered Level 4 of the Orcish Mines
 36658 | Orc:4    | Noticed Donald
 36698 | Orc:4    | Killed Donald
 38074 | Orc:4    | Found Zoufakk's Book Shoppe.
 38074 | Orc:4    | Found Xughew's Armour Boutique.
 38199 | Orc:4    | Found a roughly hewn altar of Beogh.
 38614 | Orc:4    | Found Ytsall's Weapon Shoppe.
 38614 | Orc:4    | Found Fiece's Magic Scroll Boutique.
 38628 | Orc:4    | Bought a scroll of identify for 20 gold pieces
 38628 | Orc:4    | Bought a scroll of remove curse for 30 gold pieces
 38628 | Orc:4    | Bought a scroll of identify for 20 gold pieces
 38628 | Orc:4    | Bought a scroll of remove curse for 30 gold pieces
 38954 | Orc:3    | Reached skill level 17 in Fighting
 42636 | D:14     | Noticed Kirke
 42888 | Spider:1 | Entered Level 1 of the Spider Nest
 42903 | Spider:1 | Reached XP level 17. HP: 111/147 MP: 17/17
 43180 | Spider:1 | Identified Sif Muna's Disquisition on Harmful Enchantment (You found it on level 1 of the Spider Nest)
 43955 | Spider:1 | HP: 5/148 [wolf spider (8)]
 44379 | Lair:2   | Upgraded the game from 0.17-a0-1655-g88a8506 to 0.17-a0-1659-gf62aa6c
 44548 | Elf:1    | Entered Level 1 of the Elven Halls
 45135 | Elf:1    | Found Ugiydyva's General Store.
 45140 | Elf:1    | Bought a scroll of identify for 30 gold pieces
 45324 | Elf:1    | Found a radiant altar of Vehumet.
 46068 | Elf:1    | Identified the Tome of Conjuration
 46107 | Elf:1    | Found Fimeibio's Magic Scroll Shop.
 46115 | Elf:1    | Bought a scroll of teleportation for 42 gold pieces
 46115 | Elf:1    | Bought a scroll of identify for 28 gold pieces
 46115 | Elf:1    | Bought a scroll of identify for 28 gold pieces
 46115 | Elf:1    | Bought a scroll of teleportation for 42 gold pieces
 46757 | Elf:2    | Noticed Asterion
 46769 | Elf:1    | Upgraded the game from 0.17-a0-1659-gf62aa6c to 0.17-a0-1663-gb806841
 47949 | D:14     | Noticed a sphinx
 47968 | D:14     | Killed Kirke
 47968 | D:14     | Reached skill level 18 in Maces & Flails
 49056 | D:15     | Entered Level 15 of the Dungeon
 50144 | D:14     | HP: 2/149 [ettin/dire flail (30)]
 51730 | D:15     | Found a staircase to the Depths.
 52824 | D:15     | Reached XP level 18. HP: 142/158 MP: 18/18
 52982 | Depths:1 | Entered Level 1 of the Depths
 52996 | D:15     | Hit by a large rock thrown by a stone giant

Vault maps used:
D:1:      ncdulo_lavacross, okawaru_ov_weapons_minmay
D:2:      first_bread, yredelemnul_altar_generic, uniq_crazy_yiuf_cottage,
          uniq_sigmund, uniq_iyjb
D:4:      old_standard_altar, makhleb_grotto_becter,
          nicolae_dithmenos_through_a_glass_darkly, uniq_grinder, uniq_duvessa
D:5:      gammafunk_temple_overflow_pools
D:6:      lemuel_ice_spiral_2, temple_statues, serial_shops, shop_fountains,
          st_stairs_7, kennysheep_generic_room_5
D:8:      nemelex_spade_bored_becter, uniq_psyche
D:9:      orc_0_dummy
D:10:     grunt_tengu_nest
D:11:     lair_0_dummy, serial_glass, glass_columns_a, glass_columns_b,
          elyvilon_altar_4
D:12:     minmay_misc_feat_ornament, nicolae_ru_path_of_blood, uniq_josephine
D:13:     grunt_vaults_entry_fortified, portal_ice_cave_entry_ice_beasts
D:14:     uniq_kirke
D:15:     hangedman_depths_entry_civil_slaughter, minivault_24, minivault_16,
          spider_trap
Lair:1:   nicolae_quartered_pool_little
Lair:2:   beast_lair_carwin_7
Lair:3:   spider_nest_entry_a
Lair:4:   minmay_shoals_entry_beasts, infiniplex_staircase_pool,
          serial_bayou_shore_a, uniq_maud
Lair:5:   minivault_11, st_stairs_12, uniq_rupert
Lair:6:   columned_hall_lemuel, small_statue_intersection
Lair:7:   nicolae_slime_entry_slimehenge, grunt_megastairs_3
Lair:8:   minmay_lair_end_enchanted_forest, roderic_batcave, lemuel_fruit_tree,
          grunt_megastairs_4
Orc:1:    mines4_lemuel
Orc:2:    minmay_goldmine, serial_shops, shop
Orc:3:    serial_shops, nicolae_shop_behind_doors, nicolae_orc_pool_cavern
Orc:4:    st_orc_town, nicolae_orc_damp_corner, uniq_donald
Elf:1:    elf_arrival_002, serial_shops, shop, nicolae_shop_statue_plus,
          basic_altar, minmay_elf_annihilation
Elf:2:    nicolae_elf_big_sculpture_3, uniq_asterion, uniq_jorgrun
Depths:1: enter_ziggurat_f, pan_entry, hell_entry, nrook_pool_corridor,
          nooodl_food_tri
IceCv:    ice_cave_caverns_01

Action                   |  1- 3 |  4- 6 |  7- 9 | 10-12 | 13-15 | 16-18 || total
-------------------------+-------+-------+-------+-------+-------+-------++-------
Melee: Flail             |   147 |   202 |    91 |       |       |       ||   440
       Whip              |       |       |   315 |  1155 |   792 |       ||  2262
       Morningstar       |       |       |       |       |   628 |       ||   628
       Mace              |       |       |       |       |   906 |  2659 ||  3565
Invok: Heroism           |       |       |     1 |     4 |    17 |    30 ||    52
  Use: Scroll            |       |     4 |    10 |     8 |     9 |    16 ||    47
       Potion            |       |     4 |     1 |     1 |     4 |    10 ||    20
 Stab: Fleeing           |       |       |       |       |     2 |       ||     2
       Confused          |       |       |       |       |       |     2 ||     2
  Eat: Chunk             |     3 |     8 |    13 |    26 |    31 |    48 ||   129
       Royal jelly       |       |     1 |       |       |       |     1 ||     2
       Bread ration      |       |     1 |       |       |       |       ||     1
       Meat ration       |       |       |     1 |       |     3 |     3 ||     7
       Pizza             |       |       |       |       |     1 |       ||     1
       Beef jerky        |       |       |       |       |       |     4 ||     4
